AoeStats
← PosingArtist511

Black Forest

508930736Analyzed
3v3 RM · 8d ago on Sep 24, 2026· 41m 32s· 6 players
Game mode
Random Map
Map size
Normal (6 player)
Population
200
Speed
Normal
Resources
Standard
Victory
Conquest
Starting age
Dark Age
Ending age
Imperial Age
RankedLock teamsTeams togetherTeam positionsShared explorationLock speedFull tech treeHidden civsTurbo modeCheats
Victory
Defeat
🇳🇱 Franks · Netherlands
730
+9
🇳🇱 Bohemians · Netherlands
689
+11
🇨🇳 Saracens · China
482
+19
🇪🇸 Spanish · Spain
609
-15
🇮🇹 Turks · Italy
568
-13
🇿🇦 Teutons · South Africa
507
-11
laichzeit53
14:01 Loom
23:31 Feudal Age
24:51 Wheelbarrow
24:15 Town Watch
25:44 Horse Collar
27:04 Double-Bit Axe
29:24 Town Watch
34:40 Gold Mining
34:45 Stone Mining
34:54 Man-at-Arms
36:45 Bloodlines
fgallardo1993
14:58 Feudal Age
15:39 Horse Collar
24:59 Double-Bit Axe
28:30 Stone Mining
31:45 Castle Age
PosingArtist511
6:59 Loom
15:49 Feudal Age
21:38 Double-Bit Axe
27:46 Horse Collar
31:55 Castle Age
39:03 Bloodlines
38:57 Husbandry
39:50 Ballistics
JDM-Gaming
11:25 Feudal Age
15:23 Double-Bit Axe
19:22 Castle Age
18:34 Fletching
20:07 Bodkin Arrow
20:37 Caravan
21:42 Crossbowman
27:44 Wheelbarrow
33:09 Bow Saw
Cowhorse
11:06 Feudal Age
11:42 Double-Bit Axe
11:41 Horse Collar
19:57 Castle Age
19:22 Forging
21:48 Bow Saw
22:36 Heavy Plow
24:25 Caravan
25:48 Wheelbarrow
28:23 Hand Cart
29:13 Town Watch
29:20 Loom
30:42 Fervor
31:11 Town Patrol
32:21 Scale Barding Armor
32:53 Iron Casting
33:41 Sanctity
35:57 Imperial Age
34:38 Bimaristan
35:05 Masonry
36:47 Gold Mining
38:02 Two-Man Saw
37:29 Conscription
38:29 Chemistry
37:49 Ballistics
37:32 Arson
37:48 Squires
37:33 Gambesons
38:52 Blast Furnace
38:12 Chain Barding Armor
37:43 Fletching
38:50 Husbandry
39:00 Bloodlines
39:13 Capped Ram
40:47 Theocracy
40:28 Block Printing
40:39 Illumination
40:46 Siege Ram
Dutchbugs
11:08 Feudal Age
11:34 Loom
16:57 Double-Bit Axe
21:33 Castle Age
35:56 Imperial Age
33:41 Forging
36:32 Cavalier
37:59 Capped Ram
40:29 Wheelbarrow
40:05 Onager
Connection lost

Rejoining the realm…

Still unreachable

The connection could not be restored.

Session expired

The server has moved on; the page needs a fresh start.